Map: Dasan Station LE

Players

ThelohA - Winner!

  • Race: Zerg Zerg
  • League: Gold
  • Spawn Location: 6:00

Fropez

  • Race: Protoss Protoss
  • League: Gold
  • Spawn Location: 12:00

VOD

Have the link to the VOD?

Description

Time

  • Played on: July 21, 2016, 2:10 p.m.
  • Length: 9:07
Show
View Real Time Build Order
Export as new Build Order

ThelohA Zerg - Winner!

Build Orders: Hatch First 

Get SALT Encoding   

  12  0:01  Drone  
  13  0:10  Drone  
  14  0:17  Overlord  
  14  0:30  Extractor  
  14  0:31  Drone  
  15  0:38  Drone  
  15  0:39  Drone  
  17  0:45  Drone  
  18  1:01  Drone  
  18  1:03  Hatchery  
  18  1:17  Extractor  
  17  1:23  Spawning Pool, Drone  
  17  1:27  Drone  
  17  1:29  Extractor  
  17  1:33  Drone  
  19  1:52  Drone  
  20  1:54  Extractor, Overlord  
  20  1:55  Extractor  
  18  2:06  Evolution Chamber, Drone  
  18  2:10  Queen  
  20  2:33  Drone x3  
  23  2:37  Queen  
  23  2:41  Drone x3  
  28  2:48  Evolution Chamber  
  27  2:53  Lair  
  27  2:57  Drone x3  
  30  3:08  Drone x2  
  32  3:13  Queen  
  32  3:19  Drone  
  35  3:25  Drone  
  35  3:26  Overlord  
  36  3:39  Overlord  
  36  3:44  Overlord  
  36  3:45  Overlord  
  36  3:53  Spine Crawler  
  36  3:54  Spine Crawler  
  36  3:55  Spine Crawler  
  33  3:59  Overseer  
  33  4:02  Metabolic Boost  
  33  4:08  Drone x5  
  38  4:21  Drone x3  
  41  4:25  Overseer  
  41  4:34  Zerg Missile Weapons Level 1  
  41  4:37  Drone x3  
  44  4:46  Spine Crawler  
  44  4:47  Spine Crawler x2  
  41  5:15  Drone x3  
  41  5:18  Extractor  
  43  5:22  Hatchery, Hydralisk Den  
  43  5:23  Overlord x2, Drone  
  42  5:49  Overlord x2, Drone  
  43  5:53  Extractor  
  42  5:57  Hydralisk  
  42  5:58  Hydralisk x4  
  42  6:01  Hatchery  
  51  6:13  Drone  
  52  6:19  Drone  
  52  6:20  Drone x2  
  52  6:21  Nydus Network, Drone x3  
  57  6:38  Spore Crawler  
  56  6:43  Hydralisk  
  56  6:44  Hydralisk x4  
  66  7:01  Spine Crawler  
  66  7:03  Spore Crawler  
  62  7:20  Queen x2  
  62  7:21  Hydralisk x5  
  76  7:25  Drone x2  
  78  7:42  Hydralisk x5  
  86  8:09  Overseer  
  84  8:34  Hydralisk x2  
  84  8:38  Overlord x2  
  84  8:39  Overlord x3  
Show
View Real Time Build Order
Export as new Build Order

Fropez Protoss 

Build Orders:  

Get SALT Encoding   

  13  0:21  Probe (Chrono Boost)  
  13  0:22  Pylon  
  13  0:31  Probe (Chrono Boost)  
  13  0:33  Pylon  
  14  0:43  Gateway  
  14  0:44  Probe (Chrono Boost)  
  15  0:54  Probe (Chrono Boost)  
  16  1:03  Gateway  
  17  1:11  Probe (Chrono Boost)  
  17  1:22  Probe (Chrono Boost)  
  18  1:32  Probe (Chrono Boost)  
  19  1:34  Forge  
  19  1:35  Assimilator  
  19  1:41  Pylon  
  19  1:43  Probe (Chrono Boost)  
  20  1:52  Zealot  
  22  1:57  Zealot  
  24  2:07  Photon Cannon  
  24  2:09  Probe (Chrono Boost)  
  25  2:20  Probe (Chrono Boost)  
  26  2:27  Gateway  
  26  2:30  Probe (Chrono Boost)  
  26  2:34  Pylon  
  27  2:41  Probe (Chrono Boost)  
  29  3:05  Nexus  
  28  3:10  Pylon  
  28  3:21  Probe (Chrono Boost)  
  28  3:23  Cybernetics Core  
  29  3:27  Zealot (Chrono Boost)  
  31  3:46  Assimilator  
  31  3:48  Protoss Ground Weapons Level 1 (Chrono Boost)  
  31  3:53  Zealot  
  33  3:59  Warp Gate  
  33  4:01  Sentry  
  35  4:16  Probe x2  
  36  4:20  Zealot  
  40  4:31  Probe  
  40  4:33  Mothership Core  
  40  4:37  Zealot  
  44  4:45  Assimilator  
  44  4:47  Zealot  
  44  4:49  Assimilator  
  46  4:55  Probe  
  46  4:58  Stargate  
  47  5:01  Probe  
  48  5:07  Probe  
  49  5:14  Probe, Zealot  
  52  5:29  Twilight Council  
  52  5:42  Phoenix (Chrono Boost)  
  56  5:44  Pylon  
  56  5:47  Protoss Ground Weapons Level 2  
  54  6:05  Phoenix (Chrono Boost)  
  54  6:11  Photon Cannon  
  56  6:23  Pylon  
  56  6:30  Phoenix (Chrono Boost)  
  58  6:36  Probe x2  
  58  6:38  Fleet Beacon  
  60  6:46  Zealot x3  
  66  6:52  Phoenix (Chrono Boost)  
  68  7:00  Charge (Chrono Boost)  
  68  7:04  Probe x2  
  72  7:23  Void Ray (Chrono Boost)  
  78  7:33  Zealot  
  78  7:41  Photon Cannon  
  78  7:46  Pylon, Photon Cannon  
  78  7:54  Photon Cannon  
  62  8:27  Zealot x3  
  68  9:00  Forge  
  58  9:03  Zealot x2  
Tags
 
League
GoldGold
Matchup
PvZ
Replay Pack
All Mines
Spawn Locations
Cross Positions
Add a new tag
Caveats
  • Supply blocks, unpowered buildings, or Contaminate may cause inaccurate times.
  • Supply counts are checked every 10 seconds.